 Dungeon Sprint DCSS version 0.20.0-15-g7f486f2 (webtiles) character file.

5653 Snowbourne the Ninja (level 10, -1/44 HPs)
             Began as a Spriggan Artificer on June 27, 2017.
             Was a Follower of Nemelex Xobeh.
             Shot with an arrow by a centaur warrior (14 damage)
             ... in the Dungeon (Sprint I: "Red Sonja").
             The game lasted 00:06:10 (932 turns).

Snowbourne the Ninja (Spriggan Artificer)            Turns: 932, Time: 00:06:10

Health: -1/44      AC:  4    Str:  8    XL:     10   Next: 46%
Magic:  18/18      EV: 28    Int: 14    God:    Nemelex Xobeh [*.....]
Gold:   737        SH:  0    Dex: 19    Spells: 9/9 levels left

rFire    . . .     SeeInvis +   o - +2 short sword (venom)
rCold    . . .     Gourm    .   (shield restricted)
rNeg     . . .     Faith    .   q - +2 robe
rPois    .         Spirit   .   (helmet restricted)
rElec    .         Reflect  .   (no cloak)
rCorr    .         Harm     .   (gloves unavailable)
MR       +....     NoTele   +   (boots unavailable)
Stlth    +++++++++.             (no amulet)
Regen    0.2/turn               (no ring)
MPRegen  0.2/turn               (no ring)

@: very quick
A: unfitting armour, see invisible, herbivore 3, speed 3, slow metabolism 2
a: Renounce Religion


You were in the Dungeon.
You worshipped Nemelex Xobeh.
Nemelex Xobeh was aware of your devotion.
You were not hungry.

You visited 1 branch You collected 840 gold pieces.
You spent 74 gold pieces at shops.
You donated 29 gold pieces to Zin.

Inventory:

Hand Weapons
 a - a +0 short sword
 o - a +2 short sword of venom (weapon)
Armour
 b - a +0 robe
 q - a +2 robe (worn)
Wands
 c - a wand of flame (14/48)
 d - a wand of enslavement (15/24)
 e - a wand of random effects (7/48)
 m - a wand of polymorph (4/24)
Scrolls
 l - a scroll of blinking
 t - a scroll of summoning {unknown}
Potions
 g - 5 potions of curing
 h - a potion of heal wounds
 i - a potion of haste
 j - 2 potions of magic
 k - a potion of berserk rage
 n - a potion of mutation {unknown}
 s - a potion of lignification {unknown}
Miscellaneous
 p - a plain deck of destruction
 u - a plain deck of escape
Comestibles
 f - a bread ration
 r - 2 fruits


   Skills:
 - Level 0.7 Fighting
 + Level 8.0 Short Blades
 + Level 10.7 Dodging
 O Level 27 Stealth
 + Level 7.1 Invocations
 + Level 10.2 Evocations


You had 9 spell levels left.
You didn't know any spells.

Dungeon Overview and Level Annotations

Branches:
Dungeon (1/1)

Altars:
Cheibriados
Dithmenos
Elyvilon
Fedhas
Gozag
Hepliaklqana
Kikubaaqudgha
Makhleb
Nemelex Xobeh
Okawaru
Qazlal
Ru
Sif Muna
Trog
Uskayaw
Vehumet
Xom
Yredelemnul
Zin
The Shining One
Jiyva
Lugonu

Shops:
D =[![**[


Innate Abilities, Weirdness & Mutations

You are very small and have problems with some larger weapons.
You are too small for most types of armour.
You have supernaturally acute eyesight. (SInv)
You are a herbivore.
You cover ground extremely quickly.
You need consume almost no food.


Message History

Press: ? - help, Shift-Dir - straight line, f - centaur warrior
Aim: a centaur warrior, wielding a longbow (hasn't noticed you, chance to defeat MR: 55%)
The centaur warrior shouts!
The centaur warrior evaporates and reforms as a death drake!
Evoking this partially-identified wand wasted a few charges.
Press: ? - help, v - describe, . - travel
Here: a death drake The floor.
As you close the door, it creaks loudly!
Evoke which item? (* to show all) (? for menu, Esc to quit)
Okay, then.
Unknown command.
Unknown command.
There's nothing to close nearby.
Evoke which item? (* to show all) (? for menu, Esc to quit)
Okay, then.
There is an open door here.
The centaur warrior shoots an arrow.
The arrow hits you!
You die...
Your body disappears without a glow.

##########################
#<.#[.'..#.)'..#__#..'.).#
#..'..#.)'..#..'..'..#)..#
#..#####'#####'#__####...+
#..####..#...#[####§§#####
#..#__####..##(#≈c§§c#
#..#_____##'#..'≈§§§§+
#⌠⌠#_.∩...'..._#≈≈(§c#
####_..__##_@#'##+####
#_____###'#%#((..###
############.####§###(##
#∩^.......'...+k)§§.'.∩#
###''''####.).##########
#.......####.###
#........#.#'#.#
#..#.....#.....#
#........#...).#


You could see a centaur warrior.

Vanquished Creatures
  Sonja (D)
  A deep troll (D)
  8 shining eyes (D)
  A kobold demonologist (D)
  A slime creature (D)
  Sigmund (D)
  A yak (D)
  5 floating eyes (D)
  An ogre (D)
  A jelly (D)
  Ijyb (D)
  A ballistomycete (D)
  A ballistomycete spore (D)
24 creatures vanquished.

Vanquished Creatures (others)
  A kobold demonologist (D)
  A ballistomycete spore (D)
2 creatures vanquished.

Grand Total: 26 creatures vanquished

Notes
Turn   | Place    | Note
-------+----------+-------------------------------------------
     0 | D        | Snowbourne the Spriggan Artificer began the quest for the Orb.
     0 | D        | Reached XP level 1. HP: 9/9 MP: 4/4
     2 | D        | Noticed Ijyb
    13 | D        | Killed Ijyb
    13 | D        | Reached skill level 9 in Stealth
    13 | D        | Reached XP level 2. HP: 14/14 MP: 6/6
    17 | D        | Noticed an ogre
    29 | D        | Killed an ogre
    29 | D        | Reached skill level 13 in Stealth
    29 | D        | Reached XP level 3. HP: 17/17 MP: 7/7
    29 | D        | Reached XP level 4. HP: 21/21 MP: 8/8
    41 | D        | Noticed Sigmund
    53 | D        | Killed Sigmund
    53 | D        | Reached skill level 17 in Stealth
    53 | D        | Reached XP level 5. HP: 16/25 MP: 9/9
    53 | D        | Reached XP level 6. HP: 18/29 MP: 10/10
   267 | D        | Found a deep blue altar of Sif Muna.
   269 | D        | Found a radiant altar of Vehumet.
   273 | D        | Reached skill level 18 in Stealth
   288 | D        | Found Ruragra's Armour Emporium.
   288 | D        | Found an ancient bone altar of Kikubaaqudgha.
   288 | D        | Found a hazy altar of Hepliaklqana.
   288 | D        | Found a hide-covered altar of Uskayaw.
   288 | D        | Found a basalt altar of Yredelemnul.
   288 | D        | Found an opulent altar of Gozag.
   288 | D        | Found a snail-covered altar of Cheibriados.
   288 | D        | Found a sacrificial altar of Ru.
   288 | D        | Found a shadowy altar of Dithmenos.
   288 | D        | Noticed a yak
   292 | D        | Killed a yak
   292 | D        | Reached skill level 20 in Stealth
   293 | D        | Found a stormy altar of Qazlal.
   293 | D        | Found a blossoming altar of Fedhas.
   293 | D        | Found a bloodstained altar of Trog.
   293 | D        | Found an iron altar of Okawaru.
   293 | D        | Found a glowing golden altar of the Shining One.
   293 | D        | Found a glowing silver altar of Zin.
   293 | D        | Found a white marble altar of Elyvilon.
   294 | D        | Found a sparkling altar of Nemelex Xobeh.
   300 | D        | Became a worshipper of Zin the Law-Giver
   300 | D        | Reached * piety under Zin
   300 | D        | Reached ** piety under Zin
   300 | D        | Reached *** piety under Zin
   300 | D        | Reached **** piety under Zin
   300 | D        | Reached ***** piety under Zin
   300 | D        | Reached ****** piety under Zin
   456 | D        | Noticed Sonja
   460 | D        | Killed Sonja
   460 | D        | Reached skill level 23 in Stealth
   460 | D        | Reached XP level 7. HP: 32/32 MP: 11/11
   477 | D        | Found Sysebe's Jewellery Boutique.
   487 | D        | Noticed a shining eye
   487 | D        | Noticed a shining eye
   487 | D        | Noticed a shining eye
   487 | D        | Noticed a shining eye
   487 | D        | Noticed a shining eye
   487 | D        | Noticed a shining eye
   489 | D        | Reached XP level 8. HP: 37/37 MP: 12/12
   490 | D        | Noticed a shining eye
   490 | D        | Noticed a shining eye
   491 | D        | Killed a shining eye
   491 | D        | Reached skill level 25 in Stealth
   494 | D        | Killed a shining eye
   496 | D        | Reached skill level 26 in Stealth
   498 | D        | Killed a shining eye
   498 | D        | Reached skill level 27 in Stealth
   498 | D        | Reached XP level 9. HP: 40/40 MP: 13/13
   503 | D        | Reached skill level 1 in Invocations
   505 | D        | Killed a shining eye
   505 | D        | Reached skill level 5 in Dodging
   510 | D        | Killed a shining eye
   511 | D        | Paralysed by a floating eye for 3 turns
   527 | D        | Killed a shining eye
   527 | D        | Reached skill level 5 in Short Blades
   533 | D        | Killed a shining eye
   533 | D        | Reached skill level 5 in Invocations
   533 | D        | Reached XP level 10. HP: 44/44 MP: 15/17
   543 | D        | Killed a shining eye
   565 | D        | Fell from the grace of Zin
   565 | D        | Became a worshipper of Nemelex Xobeh the Trickster
   586 | D        | Received a gift from Nemelex Xobeh
   586 | D        | Found Lupeqis's Antique Armour Shoppe.
   586 | D        | Found Keruad's Assorted Antiques.
   586 | D        | Found Ozoid's Distillery.
   588 | D        | Found Niuwuukh's General Store.
   603 | D        | Bought an embroidered robe for 74 gold pieces
   673 | D        | Reached * piety under Nemelex Xobeh
   673 | D        | Noticed a deep troll
   677 | D        | Killed a deep troll
   687 | D        | Found Siteas's Armour Emporium.
   719 | D        | Found a burning altar of Makhleb.
   719 | D        | Found a viscous altar of Jiyva.
   719 | D        | Found a shimmering altar of Xom.
   719 | D        | Found a corrupted altar of Lugonu.
   719 | D        | Received a gift from Nemelex Xobeh
   722 | D        | Reached skill level 10 in Dodging
   761 | D        | Reached skill level 10 in Evocations
   905 | D        | Noticed a centaur warrior
   905 | D        | Noticed a centaur warrior
   928 | D        | Noticed a death drake
   928 | D        | a centaur warrior changed into a death drake
   932 | D        | Shot with an arrow by a centaur warrior

Skill      XL: |  1  2  3  4  5  6  7  8  9 10 |
---------------+-------------------------------+-----
Stealth        | 9 13 17 23 27 | 27.0
Short Blades   | 6 8 |  8.0
Dodging        | 8 10 | 10.7
Invocations    | 5 7 |  7.1
Evocations     | 8 10 | 10.2
Fighting       | |  0.7

Action                   |  1- 3 |  4- 6 |  7- 9 | 10-12 || total
-------------------------+-------+-------+-------+-------++-------
Melee: Unarmed           |    13 |       |       |       ||    13
       Short sword       |     7 |     9 |    27 |    44 ||    87
Invok: Recite            |       |       |     1 |       ||     1
Evoke: Wand              |       |     8 |       |     2 ||    10
 Stab: Confused          |     4 |       |       |       ||     4
       Sleeping          |     2 |     2 |     8 |     2 ||    14
Armor: Skin              |     1 |       |       |       ||     1
       Robe              |       |     1 |       |     5 ||     6
Dodge: Dodged            |     4 |    10 |       |    34 ||    48
